 Dungeon Crawl Stone Soup version 0.26-a0-707-g31817bcca1 (webtiles) character file.

Game seed: 2875864395685863358

448 lunkers the Chiller (level 7, 0/41 HPs)
             Began as an Octopode Ice Elementalist on Oct 26, 2020.
             Slain by a phantom (9 damage)
             ... on level 4 of the Dungeon.
             The game lasted 00:08:25 (4577 turns).

lunkers the Chiller (Octopode Ice Elementalist)     Turns: 4577, Time: 00:08:26

Health: 0/41       AC:  1    Str:  7    XL:     7   Next: 4%
Magic:  13/13      EV: 13    Int: 20    God:
Gold:   134        SH:  0    Dex: 12    Spells: 7/14 levels left

rFire    . . .     SeeInvis .   p - +6 flail (holy)
rCold    . . .     Faith    .   (no shield)
rNeg     . . .     Spirit   .   (helmet restricted)
rPois    .         Reflect  .   (no amulet)
rElec    .         Harm     .   (no ring)
rCorr    .         Rampage  .   (no ring)
MR       .....                  (no ring)
Stlth    +++.......             (no ring)
HPRegen  0.13/turn              (no ring)
MPRegen  0.13/turn              (no ring)
                                (no ring)
                                (no ring)

@: no status effects
A: almost no armour, stealthy swim, amphibious, 8 rings, constrict 8, camouflage
1, gelatinous body 1
a: no special abilities


You were on level 4 of the Dungeon.
You visited 1 branch of the dungeon, and saw 4 of its levels.

You collected 134 gold pieces.

Inventory:

Hand Weapons
 p - a +6 flail of holy wrath (weapon)
Scrolls
 a - 2 scrolls of fog {unknown}
 b - 4 scrolls of identify {unknown}
 d - 6 scrolls of teleportation {unknown}
 e - 2 scrolls of blinking {unknown}
 f - 3 scrolls of amnesia {unknown}
 j - a scroll of magic mapping {unknown}
 l - a scroll of immolation {unknown}
 m - a scroll of enchant armour {unknown}
Potions
 c - a potion of might {unknown}
 g - 2 potions of curing {unknown}
 h - a potion of berserk rage {unknown}
 i - 2 potions of brilliance {unknown}
 k - a potion of heal wounds {unknown}
 n - a potion of stabbing {unknown}
 o - a potion of lignification {unknown}


   Skills:
 - Level 2.0 Dodging
 - Level 2.6 Stealth
 + Level 4.1 Spellcasting
 * Level 7.1 Ice Magic


You had 7 spell levels left.
You knew the following spells:

 Your Spells              Type           Power        Failure   Level
a - Freeze                Ice            ####         1%          1
b - Frozen Ramparts       Ice            ####..       1%          3
c - Ozocubu's Armour      Ice            ####....     1%          3

Your spell library contained the following spells:

 Spells                   Type           Power        Failure   Level
 Hailstorm                Conj/Ice       ###.....     28%         4
 Summon Ice Beast         Ice/Summ       ###.....     28%         4


Dungeon Overview and Level Annotations

Branches:
Dungeon (4/15)
 Temple: D:4-7

Altars:
Ashenzari
Wu Jian
Yredelemnul
Zin

Annotations:
D:4 Grinder


Innate Abilities, Weirdness & Mutations

You cannot wear most types of armour.
You are very stealthy in the water. (Stealth+)
You are amphibious.
You can wear up to eight rings at the same time.
You can use your tentacles to constrict eight enemies at once.
Your skin changes colour to match your surroundings (Stealth+).
Your rubbery body absorbs attacks. (AC +1, EV +1)


Message History

The phantom blinks!
You thump the phantom!
The phantom convulses.
The phantom is severely damaged.
The phantom hits you.
* * * LOW HITPOINT WARNING * * *
The phantom blinks!
The phantom closely misses you.
You closely miss the phantom.
The phantom is severely damaged.
The phantom blinks!
The phantom hits you.
* * * LOW HITPOINT WARNING * * *
You hit the phantom.
The phantom convulses.
The phantom is almost destroyed.
The phantom blinks!
Unknown command.
The phantom blinks!
You see here a mace.
The phantom hits you!
You die...

### ##.## #######..ยง##
#...##.....## #.#......)@.#
#.###......W# #### #.#
#.#...#.###...#
#[###.##........# ###
#.##......#.#...# ..#
#.##..###.#.#.#####.#
##.##........#...#...#
#........#.....#.#.#.#######
##.##.##.#.###.#............


You could see a phantom.

Vanquished Creatures
  Edmund (D:4)
  A scorpion (D:4)
  3 hounds (D:4)
  4 adders
  A howler monkey skeleton (D:4)
  An ooze (D:3)
  6 worms
  4 dart slugs
  5 leopard geckos
  13 orcs (D:3)
  A ball python (D:3)
  5 giant cockroaches
  7 goblins
  4 hobgoblins
  4 jackals (D:3)
  2 quokkas (D:2)
  12 bats
  8 frilled lizards
  10 kobolds
  14 rats
106 creatures vanquished.

Vanquished Creatures (others)
  A plant (D:3)
1 creature vanquished.

Grand Total: 107 creatures vanquished

Notes
Turn   | Place    | Note
-------+----------+-------------------------------------------
     0 | D:1      | lunkers the Octopode Ice Elementalist began the quest for
                  | the Orb.
     0 | D:1      | Reached XP level 1. HP: 11/11 MP: 3/3
   420 | D:1      | Reached XP level 2. HP: 17/17 MP: 3/5
   762 | D:1      | Reached XP level 3. HP: 13/21 MP: 1/6
  1499 | D:2      | Reached skill level 5 in Ice Magic
  1591 | D:2      | Found a glowing silver altar of Zin.
  1699 | D:2      | Reached XP level 4. HP: 27/27 MP: 2/8
  1971 | D:2      | Found an ornate altar of the Wu Jian Council.
  2067 | D:2      | You fall into a shaft and drop 1 floor!
  2067 | D:3      | Found a faded altar of an unknown god.
  2101 | D:3      | Learned a level 3 spell: Frozen Ramparts
  2105 | D:3      | Learned a level 3 spell: Ozocubu's Armour
  2636 | D:2      | Reached XP level 5. HP: 25/31 MP: 6/9
  2795 | D:2      | Found a basalt altar of Yredelemnul.
  3779 | D:4      | Reached skill level 6 in Ice Magic
  3868 | D:4      | Reached XP level 6. HP: 23/36 MP: 7/11
  4132 | D:4      | Found a broken altar of Ashenzari.
  4142 | D:4      | Noticed a phantom
  4461 | D:4      | Noticed Grinder
  4467 | D:4      | Noticed Edmund
  4501 | D:4      | Killed Edmund
  4501 | D:4      | Reached skill level 7 in Ice Magic
  4501 | D:4      | Reached XP level 7. HP: 16/41 MP: 6/13
  4577 | D:4      | Slain by a phantom

Illustrated notes

Levels and vault maps discovered:
D:1:      mushboom_english_gardens, layout_basic
D:2:      layout_loops_cross, zin_academy, old_standard_altar,
          yredelemnul_altar_generic, st_stairs_11, grunt_decor_clamped
D:3:      layout_basic, chequers_ecumenical_altar_lobes,
          chequers_serial_rivers_micro_a
D:4:      layout_loops_cross, overflow_temple_1_default,
          grunt_dithmenos_smoke_and_mirrors, nicolae_ru_path_of_blood,
          nicolae_gozag_cash_rules_everything_around_me,
          gammafunk_ghost_abyssal_escape, evilmike_ruin_ashenzari, uniq_grinder,
          uniq_edmund

Skill      XL: |  1  2  3  4  5  6 |
---------------+-------------------+-----
Ice Magic      | 5 6 7 |  7.1
Spellcasting   | 3 4 |  4.1
Dodging        | |  2.0
Stealth        | |  2.6

Action                   |  1- 3 |  4- 6 |  7- 9 || total
-------------------------+-------+-------+-------++-------
Melee: Unarmed           |    16 |    12 |       ||    28
       Constrict         |     4 |     5 |       ||     9
       Tentacles         |     3 |     2 |     1 ||     6
       Flail             |       |       |     7 ||     7
 Cast: Freeze            |    59 |    63 |       ||   122
       Frozen Ramparts   |       |    10 |       ||    10
 Stab: Sleeping          |       |     1 |       ||     1
Armor: Skin              |     4 |     3 |     1 ||     8
Dodge: Dodged            |    42 |    33 |     2 ||    77

Table legend: (Time is in decaauts)
 A = Elapsed time spent in this place.
 B = Non-inter-level travel time spent in this place.
 C = Inter-level travel time spent in this place.
 D = Time resting spent in this place.
 E = Time spent auto-exploring this place.
 F = Levels seen in this place.
 G = Mean time per level.
                   A        B        C        D        E       F      G
               +--------+--------+--------+--------+--------+-----+--------+
         Total |   4580 |   4492 |     88 |    214 |   3541 |   4 | 1145.0 |
       Dungeon |   4580 |   4492 |     88 |    214 |   3541 |   4 | 1145.0 |
               +--------+--------+--------+--------+--------+-----+--------+

Top non-repeatable levels by time:
     D:3: 1397 daAuts
     D:2: 1372 daAuts
     D:1: 1221 daAuts
     D:4: 589 daAuts
